 Dungeon Crawl Stone Soup version 0.25.1-11-g244df3a29b (webtiles) character file.

Game seed: 1990242510820929551

401 DeepDeath the Cleaver (level 6, -1/52 HPs)
             Began as a Hill Orc Fighter on Apr 15, 2024.
             Was a Believer of Zin.
             Slain by Pikel
             ... wielding a +2 whip of electrocution
              (13 damage)
             ... on level 5 of the Dungeon.
             The game lasted 00:15:08 (3407 turns).

DeepDeath the Cleaver (Hill Orc Fighter)            Turns: 3407, Time: 00:15:09

Health: -1/52      AC: 12    Str: 19    XL:     6   Next: 85%
Magic:  7/7        EV:  7    Int:  8    God:    Zin [**....]
Gold:   151        SH: 10    Dex: 12    Spells: 5/5 levels left

rFire    . . .     SeeInvis +   A - +4 war axe
rCold    . . .     Gourm    .   r - +1 kite shield
rNeg     . . .     Faith    .   b - +0 scale mail
rPois    +         Spirit   .   g - +0 helmet
rElec    .         Reflect  .   (no cloak)
rCorr    .         Harm     .   p - +2 pair of gloves
MR       .....                  j - +0 pair of boots
Stlth    ..........             (no amulet)
HPRegen  0.17/turn              m - ring of see invisible
MPRegen  0.10/turn              u - ring of poison resistance

@: mighty
A: no striking features
a: Recite, Vitalisation, Donate Gold, Renounce Religion


You were on level 5 of the Dungeon.
You worshipped Zin.
Zin was pleased with you.
You were hungry.

You visited 2 branches of the dungeon, and saw 6 of its levels.

You collected 337 gold pieces.
You donated 186 gold pieces to Zin.

Inventory:

Hand Weapons
 a - a +0 war axe
 A - a +4 war axe (weapon)
Missiles
 l - 3 atropa-tipped darts
 v - 21 bolts
 x - 37 sling bullets
 C - 4 boomerangs
 D - 42 poisoned darts (quivered)
 J - 16 javelins
Armour
 b - a +0 scale mail (worn)
 g - a +0 helmet (worn)
 j - a +0 pair of boots (worn)
 p - a +2 pair of gloves (worn)
 r - a +1 kite shield (worn)
 E - the +3 ring mail of Tartarus {MR- Int+9, unknown}
   (You found it on level 4 of the Dungeon)

   It affects your intelligence (+9).
   It affects your resistance to hostile enchantments.
Jewellery
 i - an uncursed amulet of magic regeneration {unknown}
 m - a ring of see invisible (left hand)
 u - a ring of poison resistance (right hand)
 B - an uncursed ring of ice
Wands
 z - a wand of enslavement (8)
Scrolls
 h - a scroll of immolation
 k - 2 scrolls of fog
 n - a scroll of magic mapping
 w - a scroll of teleportation
Potions
 c - 3 potions of curing
 o - 3 potions of haste
 q - a potion of cancellation
 s - 2 potions of lignification {unknown}
 t - a potion of brilliance {unknown}
Comestibles
 f - 10 rations


   Skills:
 + Level 3.7 Fighting
 * Level 8.0 Axes
 + Level 2.0 Throwing
 + Level 3.3 Armour
 + Level 0.2 Dodging
 + Level 3.3 Shields
 + Level 2.1 Invocations
 + Level 0.2 Evocations


You had 5 spell levels left.
You didn't know any spells.
Your spell library was empty.

Dungeon Overview and Level Annotations

Branches:
Dungeon (5/15)             Temple (1/1) D:4

Altars:
Dithmenos
Elyvilon
Kikubaaqudgha
Nemelex Xobeh
Qazlal
Ru
Vehumet
Wu Jian
Xom
Zin
The Shining One

Annotations:
D:5 Pikel


Message History

You closely miss the slave.
The slave is lightly wounded.
You hit Pikel. The slave hits you. Pikel hits you but does no damage.
Unknown command.
You slash the slave!
The slave is heavily wounded.
You hit the slave. You barely miss Pikel. You block the slave's attack.
The slave hits you but does no damage. You block Pikel's attack.
You closely miss the slave.
The slave is heavily wounded.
You closely miss the slave. You closely miss Pikel.
The slave barely misses you. The slave hits you but does no damage.
Pikel hits you but does no damage.
You are electrocuted!
The slave hits you.
Unknown command.
You feel very mighty all of a sudden. The slave barely misses you.
Pikel hits you with a +2 whip of electrocution.
* * * LOW HITPOINT WARNING * * *
You are electrocuted!
You die...

### #.. #.#
... ###.##
#..p. #)#p###
# #.#@#.#
#.###.#.Kp..#
#.....#...#.#
.(........#(#
######.#...#
#.##### #.#
#.# #.#


You could see Pikel and 3 slaves.

Vanquished Creatures
  2 hounds (D:4)
  Jessica (D:2)
  2 iguanas (D:4)
  2 worker ants (D:4)
  3 gnolls (D:2)
  A howler monkey skeleton (D:4)
  4 adders
  An ooze (D:2)
  3 worms (D:2)
  5 dart slugs
  4 leopard geckos
  13 orcs
  2 ball pythons
  6 bats
  5 giant cockroaches
  12 goblins
  12 hobgoblins
  2 jackals (D:2)
  10 kobolds
  3 quokkas
  3 frilled lizards
  10 rats
106 creatures vanquished.

Notes
Turn   | Place    | Note
-------+----------+-------------------------------------------
     0 | D:1      | DeepDeath the Hill Orc Fighter began the quest for the Orb.
     0 | D:1      | Reached XP level 1. HP: 19/19 MP: 1/1
    37 | D:1      | Reached skill level 3 in Axes
    65 | D:1      | Reached XP level 2. HP: 24/26 MP: 2/2
   179 | D:1      | Reached skill level 4 in Axes
   577 | D:1      | Reached XP level 3. HP: 31/31 MP: 3/3
   706 | D:1      | Reached skill level 1 in Throwing
  1056 | D:2      | Reached XP level 4. HP: 27/39 MP: 4/4
  1076 | D:2      | Reached skill level 5 in Axes
  1229 | D:2      | Found a glowing golden altar of the Shining One.
  1248 | D:2      | Reached XP level 5. HP: 42/45 MP: 5/5
  1270 | D:2      | Found a sparkling altar of Nemelex Xobeh.
  1270 | D:2      | Noticed Jessica
  1280 | D:2      | Killed Jessica
  1280 | D:2      | Reached skill level 6 in Axes
  1727 | D:2      | Found a faded altar of an unknown god.
  2221 | D:3      | Found a white marble altar of Elyvilon.
  2223 | D:3      | Reached skill level 7 in Axes
  2410 | D:4      | Reached XP level 6. HP: 50/51 MP: 6/6
  2521 | D:4      | Found a staircase to the Ecumenical Temple.
  2539 | Temple   | Entered the Ecumenical Temple
  2545 | Temple   | Became a worshipper of Zin the Law-Giver
  2545 | Temple   | Reached * piety under Zin
  2602 | D:4      | Reached skill level 1 in Invocations
  2625 | D:4      | Reached skill level 8 in Axes
  2913 | D:4      | Reached ** piety under Zin
  2992 | D:4      | Got a faintly glowing ring mail
  3357 | D:4      | Donated 153 gold pieces to Zin
  3388 | D:5      | Entered Level 5 of the Dungeon
  3394 | D:5      | Noticed a slave
  3394 | D:5      | Noticed a slave
  3395 | D:5      | Noticed a slave
  3395 | D:5      | Noticed a slave
  3396 | D:5      | Noticed Pikel
  3407 | D:5      | Slain by Pikel

Illustrated notes

Levels and vault maps discovered:
D:1:      scummos_arrival_simple_fountains, layout_basic, minivault_25,
          minmay_tetromino_l4
D:2:      minmay_evil_eye, layout_rooms, tso_metal_star, first_ration,
          chequers_ecumenical_altar_lobes, nemelex_lonely_heart_becter
D:3:      corexii_shack_village, layout_rooms, lemuel_round_altar
D:4:      layout_loops_corners, minmay_temple_entry_purple_smoke,
          nicolae_underground_beach
D:5:      layout_basic, kennysheep_mini_moat, lemuel_round_altar,
          dk_noncrumbling_3, minmay_shop_mass, minmay_joined_circles,
          uniq_crazy_yiuf_cottage, uniq_pikel
Temple:   eino_narrow_crystal_temple

Skill      XL: |  1  2  3  4  5  6 |
---------------+-------------------+-----
Axes           | 3 4 5 7 8 |  8.0
Throwing       | 1 2 |  2.0
Invocations    | 2 |  2.1
Fighting       | |  3.7
Armour         | |  3.3
Dodging        | |  0.2
Shields        | |  3.3
Evocations     | |  0.2

Action                   |  1- 3 |  4- 6 || total
-------------------------+-------+-------++-------
Melee: War axe           |    99 |   228 ||   327
Throw: Dart              |       |     3 ||     3
Invok: Donate Gold       |       |     1 ||     1
  Use: Scroll            |     6 |     8 ||    14
       Potion            |       |     2 ||     2
  Eat: Chunk             |     1 |     7 ||     8
Armor: Scale mail        |    33 |   108 ||   141
Dodge: Dodged            |    24 |    58 ||    82
Block: Kite shield       |    51 |   115 ||   166
